 Dungeon Crawl Stone Soup version 0.16.2-3-ga078185 (webtiles) character file.

108 gorblad the Sneak (level 4, -2/30 HPs)
             Began as an Octopode Assassin on Sept 8, 2015.
             Slain by gorblad's ghost (17 damage)
             ... on level 3 of the Dungeon.
             The game lasted 00:04:18 (1597 turns).

gorblad the Sneak (Octopode Assassin)               Turns: 1597, Time: 00:04:18

Health: -2/30      AC:  1    Str:  8    XL:     4   Next: 87%
Magic:  4/4        EV: 12    Int: 13    God:
Gold:   68         SH:  0    Dex: 20    Spells: 0 memorised, 3 levels left

rFire  . . .     SeeInvis .     a - +2 dagger
rCold  . . .     Clarity  .     (no shield)
rNeg   . . .     SustAb   .     (helmet restricted)
rPois  .         Gourm    .     (no amulet)
rElec  .         Spirit   .     n - +1 ring of slaying
rCorr  .         Warding  .     r - +4 ring of dexterity
rMut   .         Stasis   .     (no ring)
MR     .....                    (no ring)
Stlth  +++++.....               (no ring)
                                (no ring)
                                (no ring)
                                (no ring)

@: not resistant to hostile enchantments, quite stealthy
A: almost no armour, amphibious, 8 rings, constrict 8, camouflage 1, agile 1,
regeneration 1, weak 1, gelatinous body 1
a: no special abilities


You were on level 3 of the Dungeon.
You were not hungry.

You visited 1 branch of the dungeon, and saw 3 of its levels.

You collected 68 gold pieces.

Inventory:

Hand weapons
 a - a +2 dagger (weapon)
 b - a +0 blowgun
Missiles
 e - 24 poisoned needles
 f - 2 curare-tipped needles
Jewellery
 n - a +1 ring of slaying (left tentacle)
 r - a +4 ring of dexterity (right tentacle)
Scrolls
 d - a scroll of noise
 i - a scroll of random uselessness {unknown}
Potions
 c - a potion of poison {unknown}
 j - 3 potions of curing
 l - a potion of cancellation
 m - a potion of beneficial mutation {unknown}
 q - a potion of haste {unknown}
Comestibles
 g - a bread ration
 h - a beef jerky
 o - a meat ration


   Skills:
 + Level 2.5 Fighting
 + Level 2.2 Short Blades
 + Level 2.0 Throwing
 + Level 1.6 Dodging
 + Level 7.6 Stealth


You had 3 spell levels left.
You didn't know any spells.

Dungeon Overview and Level Annotations

Branches:
Dungeon (3/15)

Altars:

Annotations:
D:3 gorblad's ghost, average DDFi


Innate Abilities, Weirdness & Mutations

You cannot wear most types of armour.
You are amphibious.
You can wear up to eight rings at the same time.
You can use your tentacles to constrict many enemies at once.
Your skin changes colour to match your surroundings (Stealth).
Your rubbery body absorbs attacks (AC +1).
You are agile. (Dex +2)
Your natural rate of healing is unusually fast.
You are weak. (Str -2)


Message History

You kill the bat!
There is an open door here.
Gorblad's ghost barely misses you.
Sorry, you're not good enough to have a special ability.
You hit gorblad's ghost but do no damage.
Gorblad's ghost is moderately damaged.
You completely miss gorblad's ghost.
You squeeze gorblad's ghost, but do no damage.
Gorblad's ghost is moderately damaged.
Gorblad's ghost closely misses you.
You hit gorblad's ghost but do no damage.
Your squeeze misses gorblad's ghost.
Gorblad's ghost is moderately damaged.
Gorblad's ghost hits you.
You hit gorblad's ghost but do no damage.
You squeeze gorblad's ghost.
Gorblad's ghost is heavily damaged.
Gorblad's ghost hits you!
Ouch! That really hurt!
You die...

#....# #r..... #....#
#......# #....+ +.....
#)...##### #...
#....'...###.#########
#....###..............
#....###..##....######
#....W÷...#####.#
#....@###.### #.#
#####.#..... ..#
#.#.#.#######
#..........#
#...#....#.#######
###....>)...........
#....###.###........
#.##...#..)'†.......
#.####.#.###........


You could see gorblad's ghost.

Vanquished Creatures
  4 adders
  3 worms (D:3)
  An orc (D:3)
  2 ball pythons (D:1)
  5 bats
  A giant cockroach (D:1)
  5 hobgoblins
  3 quokkas
  3 giant geckos
  A giant newt (D:2)
  5 goblins
  9 kobolds
  11 rats
53 creatures vanquished.

Notes
Turn   | Place    | Note
--------------------------------------------------------------
     0 | D:1      | gorblad, the Octopode Assassin, began the quest for the Orb.
     0 | D:1      | Reached XP level 1. HP: 14/14 MP: 1/1
   415 | D:1      | Reached XP level 2. HP: 19/19 MP: 2/2
   473 | D:1      | Reached skill level 6 in Stealth
   829 | D:2      | Reached XP level 3. HP: 24/24 MP: 3/3
  1276 | D:2      | Reached XP level 4. HP: 30/30 MP: 4/4
  1333 | D:3      | Gained mutation: Your natural rate of healing is unusually fast. [potion of mutation]
  1333 | D:3      | Gained mutation: You are weak. (Str -2) [potion of mutation]
  1333 | D:3      | Gained mutation: You are agile. (Dex +2) [potion of mutation]
  1355 | D:3      | Reached skill level 7 in Stealth
  1523 | D:3      | Noticed gorblad's ghost (average DDFi)
  1597 | D:3      | Slain by gorblad's ghost

Action                   |  1- 3 |  4- 6 || total
-------------------------+-------+-------++-------
Melee: Dagger            |    70 |    37 ||   107
  Use: Scroll            |       |     7 ||     7
       Potion            |       |     1 ||     1
 Stab: Sleeping          |    14 |     4 ||    18
  Eat: Chunk             |     1 |       ||     1
       Bread ration      |       |     1 ||     1
